 Dungeon Crawl Stone Soup version 0.26.1-11-gd32895ea62 (webtiles) character file.

Game seed: 868751889626863316

200 Zeld the Cutter (level 5, 6/25 HPs)
             Began as a Spriggan Brigand on May 31, 2021.
             Quit the game on level 3 of the Dungeon.
             The game lasted 00:07:32 (5780 turns).

Zeld the Cutter (Spriggan Brigand)                  Turns: 5780, Time: 00:07:33

Health: 6/25       AC:  3    Str:  7    XL:     5   Next: 49%
Magic:  6/6        EV: 17    Int: 13    God:
Gold:   142        SH:  0    Dex: 18    Spells: 4/4 levels left

rFire    . . .     SeeInvis +   a - +2 dagger
rCold    . . .     Faith    .   (shield restricted)
rNeg     . . .     Spirit   .   b - +0 robe
rPois    .         Reflect  .   (helmet restricted)
rElec    .         Harm     .   c - +0 cloak
rCorr    .         Rampage  .   (gloves unavailable)
Will     .....     Rnd*Tele +   (boots unavailable)
Stlth    +++.......             (no amulet)
HPRegen  0.08/turn              f - ring of teleportation (curse)
MPRegen  0.10/turn              (no ring)

@: lethally poisoned (6 -> -3), very quick
A: very small, unfitting armour, see invisible, speed 3
a: no special abilities


You were on level 3 of the Dungeon.
You visited 1 branch of the dungeon, and saw 4 of its levels.

You collected 142 gold pieces.

Inventory:

Hand Weapons
 a - a +2 dagger (weapon)
Missiles
 d - 7 poisoned darts (quivered)
 e - 2 curare-tipped darts
Armour
 b - a +0 robe (worn)
 c - a +0 cloak (worn)
Jewellery
 f - a cursed ring of teleportation (left hand)
Scrolls
 i - 6 scrolls of identify {unknown}
 j - a scroll of blinking {unknown}
 l - 5 scrolls of remove curse {unknown}
 m - a scroll of immolation {unknown}
 n - a scroll of teleportation {unknown}
 q - a scroll of magic mapping {unknown}
 s - a scroll of enchant armour {unknown}
Potions
 h - 2 potions of might {unknown}
 k - a potion of curing {unknown}
 o - a potion of mutation {unknown}
 p - a potion of cancellation {unknown}
 r - a potion of magic {unknown}


   Skills:
 - Level 1.5 Fighting
 * Level 6.4 Short Blades
 - Level 2.0 Throwing
 - Level 1.5 Dodging
 - Level 5.8 Stealth


You had 4 spell levels left.
You didn't know any spells.
Your spell library was empty.

Dungeon Overview and Level Annotations

Branches:
Dungeon (4/15)
 Temple: D:4-7

Altars:
Cheibriados
Makhleb
Okawaru
Xom
Zin
The Shining One

Annotations:
D:1 Terence


Innate Abilities, Weirdness & Mutations

You are very small and have problems with some larger weapons.
You are too small for most types of armour.
You have supernaturally acute eyesight. (SInv)
You cover ground extremely quickly.


Message History

You feel sick.
You feel sick.
You feel sick.
You feel sick.
There is a stone staircase leading up here.
You feel sick.
You climb upwards.
You feel sick.
There is a stone staircase leading down here.
There is a lethal amount of poison in your body!
There is a lethal amount of poison in your body!
There is a lethal amount of poison in your body!
You feel slightly jumpy.
Oops, that ring feels deathly cold.
f - a cursed ring of teleportation (left hand)
* * * LOW HITPOINT WARNING * * *
You feel sick.
There is a lethal amount of poison in your body!
* * * LOW HITPOINT WARNING * * *
You feel sick.
There is a lethal amount of poison in your body!
Are you sure you want to abandon this character and quit the game? (Confirm with "yes".)

############..........#
#..... #..(.......#
#..... #######..........#
###### #.............####
##># #.......>........#
#8...
#................####....
#..................#_....
#..................##....
#.......@..........#
#..................##....
#..................#_....
#............'#######....
#............'# 8..[
#............## ##_#
#............# ####
#............# #.#
############## #..


There were no monsters in sight!

Vanquished Creatures
  Crazy Yiuf (D:2)
  Jessica (D:2)
  Robin (D:2)
  2 gnolls (D:1)
  3 adders
  A worm (D:4)
  2 dart slugs
  2 leopard geckos
  6 orcs (D:3)
  3 bats
  6 giant cockroaches
  17 goblins
  3 hobgoblins
  4 jackals (D:1)
  A ball python (D:3)
  6 frilled lizards
  7 kobolds
  7 rats
73 creatures vanquished.

Vanquished Creatures (others)
  A fungus (D:2)
1 creature vanquished.

Grand Total: 74 creatures vanquished

Notes
Turn   | Place    | Note
-------+----------+-------------------------------------------
     0 | D:1      | Zeld the Spriggan Brigand began the quest for the Orb.
     0 | D:1      | Reached XP level 1. HP: 10/10 MP: 2/2
   572 | D:1      | Reached skill level 3 in Short Blades
   576 | D:1      | Reached XP level 2. HP: 14/14 MP: 3/3
   875 | D:1      | Reached skill level 4 in Short Blades
   875 | D:1      | Reached XP level 3. HP: 18/18 MP: 4/4
  1224 | D:2      | Noticed Jessica
  1232 | D:2      | Killed Jessica
  1233 | D:2      | Reached skill level 5 in Short Blades
  1233 | D:2      | Reached XP level 4. HP: 22/22 MP: 5/5
  1264 | D:2      | Noticed Terence
  1542 | D:2      | Noticed Robin
  1584 | D:2      | Killed Robin
  3125 | D:2      | Found a runed translucent door.
  3126 | D:2      | Noticed Crazy Yiuf
  3239 | D:2      | Killed Crazy Yiuf
  3240 | D:2      | Reached XP level 5. HP: 25/25 MP: 6/6
  3361 | D:3      | Reached skill level 6 in Short Blades
  4043 | D:3      | Found an iron altar of Okawaru.
  4182 | D:3      | Found a glowing silver altar of Zin.
  4182 | D:3      | Found a glowing golden altar of the Shining One.
  4183 | D:3      | Found a burning altar of Makhleb.
  4225 | D:3      | Found a shimmering altar of Xom.
  4228 | D:3      | Found a snail-covered altar of Cheibriados.
  5780 | D:3      | Quit the game

Illustrated notes

Levels and vault maps discovered:
D:1:      lightli_arrival_isolated_outpost, layout_loops_ring, minmay_tromino_v7
D:2:      layout_basic, uniq_jessica, uniq_terence, uniq_robin,
          uniq_crazy_yiuf_cottage
D:3:      layout_basic, okawaru_ov_weapons_minmay,
          nicolae_overflow_hidden_temple, minmay_misc_feat_tower
D:4:      layout_loops_ring

Skill      XL: |  1  2  3  4  5 |
---------------+----------------+-----
Short Blades   | 3 4 5 6 |  6.4
Fighting       | |  1.5
Throwing       | |  2.0
Dodging        | |  1.5
Stealth        | |  5.8

Action                   |  1- 3 |  4- 6 || total
-------------------------+-------+-------++-------
Melee: Dagger            |    77 |   221 ||   298
Throw: Dart              |       |     8 ||     8
  Use: Potion            |       |     2 ||     2
 Stab: Sleeping          |    14 |     4 ||    18
       Distracted        |       |     2 ||     2
Armor: Robe              |     5 |    13 ||    18
Dodge: Dodged            |    48 |   118 ||   166
